 Dungeon Crawl Stone Soup version 0.26-a0-665-gefeb406119 (webtiles) character file.

Game seed: 5193634711898624134

1740 jasper the Insei (level 8, -2/60 HPs)
             Began as a Demonspawn Venom Mage on Oct 16, 2020.
             Was a Believer of Cheibriados.
             Slain by a centaur warrior
             ... wielding a +0 rapier
              (12 damage)
             ... on level 7 of the Dungeon.
             The game lasted 00:11:26 (7393 turns).

jasper the Insei (Demonspawn Venom Mage)            Turns: 7393, Time: 00:11:27

Health: -2/60      AC:  3    Str: 15    XL:     8   Next: 77%
Magic:  1/11       EV: 15    Int: 23    God:    Cheibriados [**....]
Gold:   265        SH:  0    Dex: 18    Spells: 2/11 levels left

rFire    . . .     SeeInvis .     - Unarmed
rCold    . . .     Faith    .   (no shield)
rNeg     + + .     Spirit   .   u - +0 robe {rN+}
rPois    .         Reflect  .   (helmet restricted)
rElec    .         Harm     .   d - +0 cloak
rCorr    .         Rampage  .   (no gloves)
MR       +....                  (no boots)
Stlth    ++........             (no amulet)
HPRegen  0.20/turn              o - ring of protection from magic
MPRegen  0.12/turn              m - ring of positive energy

@: mighty, very slow
A: antennae 1, claws 2, talons 1, demonic guardian 1, powered by pain 1
a: Bend Time, Renounce Religion


You were on level 7 of the Dungeon.
You worshipped Cheibriados.
Cheibriados was pleased with you.
You visited 1 branch of the dungeon, and saw 7 of its levels.

You collected 265 gold pieces.

Inventory:

Hand Weapons
 e - a +0 short sword
Missiles
 c - 118 stones (quivered)
 k - 22 poisoned darts
Armour
 a - a +0 robe
 b - a +0 pair of gloves
 d - a +0 cloak (worn)
 f - a +0 buckler
 u - a +0 robe of positive energy (worn)
Jewellery
 m - a ring of positive energy (right claw)
 o - a ring of protection from magic (left claw)
 x - an uncursed ring of fire
 A - an uncursed amulet of guardian spirit {unknown}
Wands
 g - a wand of iceblast (1)
Scrolls
 j - 2 scrolls of teleportation
 l - 2 scrolls of immolation
 n - 6 scrolls of enchant weapon
 p - 3 scrolls of remove curse
 s - 4 scrolls of random uselessness {unknown}
 t - 2 scrolls of blinking {unknown}
 y - a scroll of magic mapping {unknown}
Potions
 h - 3 potions of degeneration
 i - a potion of mutation
 r - a potion of stabbing
 v - a potion of flight {unknown}
 w - a potion of haste {unknown}


   Skills:
 + Level 4.2 Fighting
 - Level 4.3 Dodging
 - Level 1.7 Stealth
 + Level 0.2 Shields
 * Level 5.7 Unarmed Combat
 - Level 2.0 Spellcasting
 + Level 2.8 Hexes
 - Level 3.0 Transmutations
 - Level 2.1 Air Magic
 - Level 5.0 Poison Magic


You had 2 spell levels left.
You knew the following spells:

 Your Spells              Type           Power        Failure   Level
a - Sting                 Tmut/Pois      ###.         2%          1
b - Poisonous Vapours     Pois/Air       ###...       4%          2
c - Tukima's Dance        Hex            ###.....     12%         3
d - Confusing Touch       Hex            ###.....     12%         3

Your spell library contained the following spells:

 Spells                   Type           Power        Failure   Level
 Corona                   Hex            ###....      4%          1
 Ensorcelled Hibernation  Hex/Ice        #.....       11%         2
 Ignite Poison            Fire/Tmut/Pois ##......     13%         3
 Mephitic Cloud           Conj/Pois/Air  ##......     14%         3
 Olgreb's Toxic Radiance  Pois           ####....     16%         4
 Dazzling Flash           Conj/Hex       #.....       22%         3


Dungeon Overview and Level Annotations

Branches:
Dungeon (8/15)             Temple (0/1) D:7
   Lair: D:8-11

Altars:
Cheibriados
Dithmenos
Elyvilon
Uskayaw
Xom

Annotations:
D:2 1 runed translucent door, Crazy Yiuf
D:3 Grinder


Innate Abilities, Weirdness & Mutations

You have a pair of small antennae on your head.
You have very sharp fingernails.
You have sharp toenails.
A weak demonic guardian rushes to your aid.
You sometimes gain a little power by taking damage.


Message History

You climb upwards.
There is a stone staircase leading down here.
You take 14 damage, and have 16/60 hp.
MASSIVE DAMAGE!!
Unknown command.
You feel better.
The centaur warrior looks more healthy.
The bullfrog hits you! The centaur warrior closely misses you.
You regained 5 hp, and now have 21/60 hp.
You feel mightier all of a sudden.
The bullfrog hits you but does no damage.
The centaur warrior hits you with a +0 rapier!
* * * LOW HITPOINT WARNING * * *
The bullfrog hits you.
* * * LOW HITPOINT WARNING * * *
Your shadow imp gestures at the bullfrog.
The bullfrog writhes in agony!
You take 11 damage, and have 10/60 hp.
You claw the centaur warrior! You claw the centaur warrior.
The centaur warrior is heavily wounded.
The centaur warrior hits you with a +0 rapier!
You die...

#..# #.# #..# #.##
##.###..### ######
#........## #....#
#.###..#..# #....#
#.##....#.####....#
#.##.##...........#
#####5##.##.#.........#
#....F@...#.##...#.....
#......c...............
#.........#......#.####
#......<..#####....####
#.........### ##.......
#######....>......####...###.
#....#...................###.
#...............#.####.......
#....##....<....#..###....##.


You could see a centaur warrior, a bullfrog and a friendly shadow imp
(summoned).

Vanquished Creatures
  Joseph (D:7)
  2 sky beasts
  2 phantoms (D:4)
  3 ogres
  A big kobold (D:5)
  A bullfrog (D:7)
  A scorpion (D:8)
  A howler monkey (D:4)
  3 hounds
  3 orc wizards
  Jessica (D:2)
  Natasha (twice) (D:3)
  3 worker ants
  A hound skeleton (D:5)
  10 adders
  An ooze (D:3)
  4 worms
  3 dart slugs
  A leopard gecko (D:3)
  12 orcs
  8 giant cockroaches
  7 goblins
  5 hobgoblins
  4 jackals (D:1)
  3 quokkas
  A ball python skeleton (D:4)
  9 bats
  3 frilled lizards
  14 kobolds
  8 rats
118 creatures vanquished.

Vanquished Creatures (collateral kills)
  A bullfrog (D:7)
1 creature vanquished.

Vanquished Creatures (others)
  11 fungi (D:1)
11 creatures vanquished.

Grand Total: 130 creatures vanquished

Notes
Turn   | Place    | Note
-------+----------+-------------------------------------------
     0 | D:1      | jasper the Demonspawn Venom Mage began the quest for the
                  | Orb.
     0 | D:1      | Reached XP level 1. HP: 13/13 MP: 3/3
   469 | D:1      | Gained mutation: You have sharp toenails. [demonic
                  | ancestry]
   469 | D:1      | Reached XP level 2. HP: 19/19 MP: 5/5
   882 | D:1      | Learned a level 2 spell: Poisonous Vapours
  1302 | D:2      | Gained mutation: You have a pair of small antennae on your
                  | head. [demonic ancestry]
  1302 | D:2      | Reached XP level 3. HP: 24/24 MP: 4/6
  1454 | D:2      | Noticed Jessica
  1462 | D:2      | Killed Jessica
  1885 | D:2      | Gained mutation: You have sharp fingernails. [demonic
                  | ancestry]
  1885 | D:2      | Reached XP level 4. HP: 30/30 MP: 5/7
  1932 | D:2      | Reached skill level 5 in Poison Magic
  2080 | D:2      | Found a runed translucent door.
  2081 | D:2      | Noticed Crazy Yiuf
  2326 | D:2      | Reached skill level 1 in Air Magic
  2540 | D:2      | Found a snail-covered altar of Cheibriados.
  2621 | D:2      | Became a worshipper of Cheibriados the Contemplative
  3110 | D:3      | Gained mutation: You sometimes gain a little power by
                  | taking damage. [demonic ancestry]
  3110 | D:3      | Reached XP level 5. HP: 30/35 MP: 4/8
  3187 | D:3      | Reached skill level 1 in Transmutations
  3513 | D:3      | Reached skill level 1 in Unarmed Combat
  3787 | D:3      | Reached * piety under Cheibriados
  3815 | D:3      | Noticed Natasha
  3827 | D:3      | Killed Natasha
  4210 | D:3      | Learned a level 3 spell: Tukima's Dance
  4326 | D:3      | Noticed Grinder
  4332 | D:3      | Found a shadowy altar of Dithmenos.
  4332 | D:3      | Noticed Natasha
  4334 | D:3      | Killed Natasha
  4334 | D:3      | Reached skill level 1 in Fighting
  4334 | D:3      | Gained mutation: You have very sharp fingernails. [demonic
                  | ancestry]
  4334 | D:3      | Reached XP level 6. HP: 35/43 MP: 4/9
  5002 | D:4      | Reached XP level 7. HP: 50/50 MP: 3/10
  5199 | D:4      | Reached ** piety under Cheibriados
  5496 | D:4      | Found a white marble altar of Elyvilon.
  5522 | D:5      | Entered Level 5 of the Dungeon
  5529 | D:5      | Found a hide-covered altar of Uskayaw.
  5578 | D:5      | HP: 1/51 [something (5)]
  5913 | D:5      | Learned a level 3 spell: Confusing Touch
  5933 | D:5      | Found a white marble altar of Elyvilon.
  5964 | D:5      | Found a shimmering altar of Xom.
  6355 | D:5      | You fall into a shaft and drop 2 floors!
  6398 | D:7      | Reached skill level 1 in Hexes
  6398 | D:7      | Gained mutation: A weak demonic guardian rushes to your
                  | aid. [demonic ancestry]
  6398 | D:7      | Reached XP level 8. HP: 14/58 MP: 11/11
  6822 | D:7      | Found a staircase to the Ecumenical Temple.
  6840 | D:7      | Reached skill level 5 in Unarmed Combat
  6975 | D:7      | Noticed Joseph
  6993 | D:7      | Killed Joseph
  7379 | D:8      | Noticed a centaur warrior
  7393 | D:7      | Slain by a centaur warrior

Illustrated notes

Levels and vault maps discovered:
D:1:      scummos_arrival_checkerplants, layout_basic, serial_rivers,
          chequers_serial_rivers_micro_d, chequers_serial_rivers_small_b,
          chequers_serial_rivers_micro_c, chequers_serial_rivers_marsh,
          chequers_serial_rivers_micro_e, chequers_serial_rivers_micro_e
D:2:      layout_loops_corners, cheibriados_altar_1, kennysheep_jessica_study,
          uniq_crazy_yiuf_cottage
D:3:      layout_loops_corners, grunt_dithmenos_smoke,
          nicolae_tso_carved_into_rock, uniq_natasha, uniq_grinder
D:4:      layout_rooms, lemuel_coloured_pillars_altar
D:5:      layout_basic, marbit_many_paths, xom_teletrap_fun,
          eat_drink_and_be_merry_uskayaw, basic_altar, minmay_misc_feat_rows,
          elyvilon_altar_5
D:7:      layout_rooms, minmay_temple_entry_mist, uniq_joseph
D:8:      minmay_curly_fans, layout_loops_corners, erik_lair_orcish_takeover,
          nicolae_qazlal_general_emergency

Skill      XL: |  1  2  3  4  5  6  7  8 |
---------------+-------------------------+-----
Poison Magic   | 4 5 |  5.0
Air Magic      | 2 |  2.1
Transmutations | 1 2 3 |  3.0
Dodging        | 2 3 4 |  4.3
Unarmed Combat | 1 3 4 5 |  5.7
Fighting       | 1 2 3 4 |  4.2
Hexes          | 1 2 |  2.8
Stealth        | |  1.7
Shields        | |  0.2
Spellcasting   | |  2.0

Action                   |  1- 3 |  4- 6 |  7- 9 || total
-------------------------+-------+-------+-------++-------
Melee: Unarmed           |    13 |     1 |    75 ||    89
       Short sword       |    52 |    82 |       ||   134
       Kick              |     6 |    24 |    22 ||    52
       Punch             |       |       |     2 ||     2
Throw: Stone             |    17 |     8 |     3 ||    28
 Cast: Sting             |    31 |    23 |     2 ||    56
       Poisonous Vapours |       |    50 |    36 ||    86
       Tukima's Dance    |       |       |     1 ||     1
Evoke: Wand              |       |     5 |     7 ||    12
  Use: Scroll            |       |     3 |     7 ||    10
       Potion            |       |       |     4 ||     4
 Stab: Sleeping          |     2 |       |     1 ||     3
Armor: Robe              |    21 |    23 |     9 ||    53
Dodge: Dodged            |    60 |    52 |    54 ||   166

Table legend: (Time is in decaauts)
 A = Elapsed time spent in this place.
 B = Non-inter-level travel time spent in this place.
 C = Inter-level travel time spent in this place.
 D = Time resting spent in this place.
 E = Time spent auto-exploring this place.
 F = Levels seen in this place.
 G = Mean time per level.
                   A        B        C        D        E       F      G
               +--------+--------+--------+--------+--------+-----+--------+
         Total |   8177 |   7984 |    193 |   1252 |   5642 |   7 | 1168.1 |
       Dungeon |   8177 |   7984 |    193 |   1252 |   5642 |   7 | 1168.1 |
               +--------+--------+--------+--------+--------+-----+--------+

Top non-repeatable levels by time:
     D:2: 1873 daAuts
     D:3: 1626 daAuts
     D:1: 1307 daAuts
     D:7: 1229 daAuts
     D:4: 1153 daAuts
     D:5: 963 daAuts
     D:8: 24 daAuts
